 Dungeon Crawl Stone Soup version 0.32-a0-468-g38b2580584 (webtiles) character file.

Game seed: 4643535660202057864

250 Atlas the Firebug (level 5, 0/36 HPs)
             Began as a Demonspawn Fire Elementalist on Feb 24, 2024.
             Slain by an iguana (9 damage)
             ... on level 3 of the Dungeon.
             The game lasted 00:03:44 (3862 turns).

Atlas the Firebug (Demonspawn Fire Elementalist)    Turns: 3862, Time: 00:03:46

Health: 0/36       AC:  7    Str:  9    XL:     5   Next: 88%
Magic:  0/10       EV: 11    Int: 17    God:
Gold:   131        SH:  5    Dex: 13    Spells: 4/11 levels left

rFire   . . .        (no weapon)
rCold   . . .        (no shield)
rNeg    . . .        r - +0 leather armour
rPois   .            (no helmet)
rElec   .            c - +0 cloak
rCorr   .            (no gloves)
SInv    .            m - +0 pair of boots
Will    .....        k - amulet of reflection
Stlth   ++           (no ring)
HPRegen 0.26/turn    (no ring)
MPRegen 0.12/turn

%: reflection
@: very slightly contaminated
A: yellow scales 1, demonic guardian 1, powered by death 1
a: no special abilities


You were on level 3 of the Dungeon.
You visited 1 branch of the dungeon, and saw 4 of its levels.

You collected 131 gold pieces.

Inventory:

Missiles
 q - 2 throwing nets
Armour
 c - a +0 cloak (worn)
 m - a +0 pair of boots (worn)
 r - a +0 leather armour (worn)
Jewellery
 k - an amulet of reflection (around neck)
Wands
 f - a wand of flame (30)
Scrolls
 d - a scroll of enchant armour {unknown}
 e - a scroll of vulnerability {unknown}
 i - a scroll of immolation {unknown}
 j - a scroll of revelation {unknown}
 s - a scroll of teleportation {unknown}
 t - 3 scrolls of identify {unknown}
Potions
 a - a potion of berserk rage {unknown}
 b - a potion of magic
 g - a potion of lignification {unknown}
 h - 2 potions of brilliance {unknown}
 l - a potion of curing {unknown}
 n - 2 potions of haste {unknown}
 o - a potion of heal wounds {unknown}
 p - 2 potions of degeneration {unknown}


   Skills:
 + Level 0.3 Fighting
 + Level 2.2 Dodging
 - Level 2.0 Stealth
 + Level 0.1 Shields
 + Level 0.5 Unarmed Combat
 + Level 3.6 Spellcasting
 + Level 2.1 Conjurations
 + Level 4.3 Fire Magic


You had 4 spell levels left.
You knew the following spells:

 Your Spells              Type           Power      Damage    Failure   Level
a - Scorch                Fire           34%        2d6       6%          2
b - Foxfire               Conj/Fire      56%        2x1d6     6%          1
c - Flame Wave            Conj/Fire      14%        2d6       52%         4

Your spell library contained the following spells:

 Spells                   Type           Power      Damage    Failure   Level
 Inner Flame              Hex/Fire       10%        N/A       28%         3
 Volatile Blastmotes      Fire/Tloc      20%        2d11      28%         3


Dungeon Overview and Level Annotations

Branches:
Dungeon (4/15)
 Temple: D:4-7

Altars:
Makhleb


Innate Abilities, Weirdness & Mutations

You are partially covered in yellow scales. (AC +2)
A weak demonic guardian rushes to your aid.
You regenerate a little health from kills.


Message History

Flames lash the iguana.
The iguana is lightly wounded.
The iguana's fire resistance burns away.
The iguana barely misses you.
Casting: Scorch (safe; 6% risk of failure)
Confirm with . or Enter, or press ? or * to list all spells.
Flames lash the iguana.
The iguana is burned terribly!
The iguana is severely wounded.
The iguana bites you.
Casting: Scorch (safe; 6% risk of failure)
Confirm with . or Enter, or press ? or * to list all spells.
You miscast Scorch.
You are very lightly contaminated with residual magic.
Nothing appears to happen.
The iguana bites you!
Casting: Scorch (safe; 6% risk of failure)
Confirm with . or Enter, or press ? or * to list all spells.
You don't have enough magic to cast this spell.
You conjure some foxfire!
The iguana misses you.
You barely miss the iguana.
The iguana is severely wounded.
The foxfire hits the iguana.
The iguana is burned terribly!
The iguana is almost dead.
The iguana bites you!
You are too injured to fight recklessly!
Unknown command.
You are too injured to fight recklessly!
You are too injured to fight recklessly!
You are too injured to fight recklessly!
You hit the iguana but do no damage.
The iguana is almost dead.
The iguana hisses menacingly.
The iguana barely misses you.
You closely miss the iguana.
The iguana is almost dead.
The iguana bites you.
* * * LOW HITPOINT WARNING * * *
You hit the iguana but do no damage.
The iguana is almost dead.
The iguana bites you!
You die...

########.#
########.######
............#.#
.##...........#
...####.#...#.#
##.####.#...#.#
..|.....#####.#
.#.##########.####
...............l@#
.#.##########.##.#
.#...............#
.#.#.########.##.##
...#.#............#
.#.#.#...######...#
.#.#.#............#
...#.#....######..#
...#.#....# #..#


You could see an iguana (combustible).

Vanquished Creatures
  3 orc priests
  An orc wizard (D:2)
  4 gnolls
  An adder (D:2)
  A ribbon worm (D:2)
  9 orcs
  3 bats
  4 endoplasms
  3 goblins
  3 hobgoblins
  4 jackals
  3 kobolds
  3 quokkas
  2 ball pythons
  4 frilled lizards
  3 rats
51 creatures vanquished.

Vanquished Creatures (collateral kills)
  An orc wizard (D:2)
  A hobgoblin (D:1)
  A kobold (D:1)
3 creatures vanquished.

Vanquished Creatures (others)
  152 foxfires
152 creatures vanquished.

Grand Total: 206 creatures vanquished

Notes
Turn   | Place    | Note
-------+----------+-------------------------------------------
     0 | D:1      | Atlas the Demonspawn Fire Elementalist began the quest for
                  | the Orb.
     0 | D:1      | Reached XP level 1. HP: 13/13 MP: 3/3
   305 | D:1      | Reached skill level 3 in Fire Magic
   379 | D:1      | Gained mutation: A weak demonic guardian rushes to your
                  | aid. [demonic ancestry]
   379 | D:1      | Reached XP level 2. HP: 19/19 MP: 0/5
  1094 | D:2      | Learned a level 2 spell: Scorch
  1111 | D:2      | Reached XP level 3. HP: 24/24 MP: 1/6
  1192 | D:2      | Found a faded altar of an unknown god.
  1346 | D:2      | Gained mutation: You regenerate a little health from kills.
                  | [demonic ancestry]
  1346 | D:2      | Reached XP level 4. HP: 24/30 MP: 1/8
  1351 | D:2      | Learned a level 4 spell: Flame Wave
  2280 | D:3      | Reached skill level 4 in Fire Magic
  2280 | D:3      | Gained mutation: You are partially covered in yellow
                  | scales. (AC +2) [demonic ancestry]
  2280 | D:3      | Reached XP level 5. HP: 35/35 MP: 2/9
  3625 | D:3      | Found a burning altar of Makhleb.
  3862 | D:3      | Slain by an iguana

Illustrated notes

Levels and vault maps discovered:
D:1:      zaba_arrival_water, layout_loops_ring, serial_glass, glass_columns_b,
          glass_columns_b, glass_columns_a, glass_columns_c, st_stairs_7
D:2:      wander_river, layout_loops_cross, shapermc_ecumenical_altar_gd
D:3:      layout_basic, demons_altar, minivault_14
D:4:      layout_cave_pods, serial_column_ruins, column_ruins_hut,
          column_ruins_grid_1, column_ruins_columns_straight,
          column_ruins_open_tiny, column_ruins_corridor_dead_end, serial_shops,
          shop

Skill      XL: |  1  2  3  4 |
---------------+-------------+-----
Fire Magic     | 3 4 |  4.3
Dodging        | 2 |  2.2
Stealth        | 2 |  2.0
Spellcasting   | 3 |  3.6
Conjurations   | 2 |  2.1
Fighting       | |  0.3
Shields        | |  0.1
Unarmed Combat | |  0.5

Action                     |  1- 3 |  4- 6 || total
---------------------------+-------+-------++-------
  Melee: Unarmed           |    49 |     8 ||    57
         Punch             |     2 |       ||     2
   Cast: Foxfire           |    52 |    35 ||    87
         Scorch            |     2 |    39 ||    41
 Armour: Robe              |    20 |    16 ||    36
         Leather armour    |       |    10 ||    10
  Dodge: Dodged            |    39 |    18 ||    57
  Block: Other             |       |    11 ||    11

Table legend: (Time is in decaauts)
 A = Elapsed time spent in this place.
 B = Non-inter-level travel time spent in this place.
 C = Inter-level travel time spent in this place.
 D = Time resting spent in this place.
 E = Time spent auto-exploring this place.
 F = Levels seen in this place.
 G = Mean time per level.
                   A        B        C        D        E       F      G
               +--------+--------+--------+--------+--------+-----+--------+
         Total |   3895 |   3827 |     68 |    559 |   2723 |   4 |  973.8 |
       Dungeon |   3895 |   3827 |     68 |    559 |   2723 |   4 |  973.8 |
               +--------+--------+--------+--------+--------+-----+--------+

Top non-repeatable levels by time:
     D:2: 1345 daAuts
     D:3: 1334 daAuts
     D:1: 1096 daAuts
     D:4: 119 daAuts
